 Dungeon Crawl Stone Soup version 0.29.0-4-gdea44cf6ec (webtiles) character file.

Game seed: 207215864314326214

41 qw the Sneak (level 3, 0/23 HPs)
             Began as a Gargoyle Delver on Sept 10, 2022.
             Slain by a gnoll
             ... wielding a +0 club
              (3 damage)
             ... on level 4 of the Dungeon.
             The game lasted 00:00:13 (655 turns).

qw the Sneak (Gargoyle Delver)                       Turns: 655, Time: 00:00:13

Health: 0/23       AC:  6    Str: 17    XL:     3   Next: 52%
Magic:  3/3        EV: 11    Int: 10    God:
Gold:   14         SH:  0    Dex: 11    Spells: 2/2 levels left

rFire   . . .      SeeInvis .   Y - +0 hand axe
rCold   . . .      Faith    .   (no shield)
rNeg    + . .      Spirit   .   b - +0 leather armour
rPois   inf        Reflect  .   (no helmet)
rElec   +          Harm     .   (no cloak)
rCorr   .          Rampage  .   (no gloves)
Will    .....                   (no boots)
Stlth   +++.......              (no amulet)
HPRegen 0.07/turn               (no ring)
MPRegen 0.08/turn               (no ring)

@: no status effects
A: sickness immunity, AC +3, negative energy resistance 1, electricity
resistance, torment resistance 1, petrification resistance
a: no special abilities


You were on level 4 of the Dungeon.
You visited 1 branch of the dungeon, and saw 2 of its levels.

You collected 14 gold pieces.


Innate Abilities, Weirdness & Mutations

You are immune to sickness and miasma.
Your stone body is resilient. (AC +3)
You are immune to poison.
You resist negative energy. (rN+)
You are resistant to electric shocks. (rElec)
You are resistant to unholy torment.
You are immune to petrification.


   Skills:
 - Level 3.2 Fighting
 + Level 3.4 Axes
 - Level 1.5 Dodging
 - Level 5.4 Stealth


You had 2 spell levels left.
You didn't know any spells.
Your spell library was empty.

Inventory:

Hand Weapons
 c - a +0 mace of protection
 Y - a +0 hand axe (weapon)
Armour
 b - a +0 leather armour (worn)
 d - a +0 pair of gloves
Jewellery
 a - a ring of protection from fire
Wands
 g - a wand of digging (3)
Potions
 f - a potion of haste
 h - a potion of brilliance {unknown}

Dungeon Overview and Level Annotations

Branches:
Dungeon (5/15)
 Temple: D:4-7

Altars:


Message History

The orc wizard barely misses you.
You hit the orc wizard.
The orc wizard is heavily wounded.
The orc wizard hits you with a +0 dagger.
You hit the orc wizard.
You kill the orc wizard!
Your Axes skill increases to level 3!
You have reached level 3!
Your experience leads to an increase in your attributes!
Increase (S)trength, (I)ntelligence, or (D)exterity?
You feel stronger. x2
You start resting.
A gnoll comes into view. It is wielding a +0 spear.
647 ||| Stepping ~*~*~tactically~*~*~ (stealth).
A gnoll comes into view. It is wielding a +0 club.
The gnoll shouts! x2
A gnoll comes into view. It is wielding a +0 spear.
The gnoll shouts!
The gnoll hits you with a +0 spear.
You hit the gnoll.
The gnoll is moderately wounded.
The gnoll barely misses you.
You closely miss the gnoll. Your punch misses the gnoll.
The gnoll is moderately wounded.
The gnoll throws a stone.
The stone hits you. The gnoll barely misses you.
You hit the gnoll.
The gnoll is heavily wounded.
The gnoll drinks a potion.
The gnoll is healed!
You closely miss the gnoll. You hit the gnoll.
The gnoll hits you but does no damage. The gnoll hits you with a +0 spear.
You hit the gnoll.
The gnoll is lightly wounded.
You closely miss the gnoll.
The gnoll hits you from afar with a +0 spear.
The gnoll hits you but does no damage. The gnoll hits you with a +0 spear.
You hit the gnoll but do no damage.
The gnoll is lightly wounded.
You hit the gnoll.
The gnoll hits you from afar with a +0 spear.
The gnoll hits you with a +0 club.
You die...

....... #.....# ....... ##.#..#
#o#.#.# #.#..# #.#.#.# #.#..# .
#.#.#.# #.#..# . #.#.#.# #.#..# .
######.#'#g## #.#..# .
#........gg.# #.#..# .
#.........@.#######.#).# .##
#......................#
..#####..................)#.#####
................).#######.#......
#.#####...........# #.#######
#.## #...........# #.#
#..#########'###'## #.#
...........#.###.########.#
###.######.#..............#


You could see 3 gnolls.

Vanquished Creatures
  An orc wizard (D:4)
  A shadow imp (D:5)
  4 orcs (D:4)
  A ball python (D:4)
  A giant cockroach (D:4)
8 creatures vanquished.

Notes
Turn   | Place    | Note
-------+----------+-------------------------------------------
     0 | D:5      | qw the Gargoyle Delver began the quest for the Orb.
     0 | D:5      | Reached XP level 1. HP: 14/14 MP: 1/1
     0 | D:5      | 0 ||| qw: Version: 0.1-a-116-g5d60599
     0 | D:5      | 0 ||| qw: Game counter: 8282
     0 | D:5      | 0 ||| qw: Always use a shield: true
     0 | D:5      | 0 ||| qw: God list: Okawaru
     0 | D:5      | 0 ||| qw: Allow faded altars: false
     0 | D:5      | 0 ||| qw: Do Orc after D:15 true
     0 | D:5      | 0 ||| qw: Do second Lair branch before Depths: true
     0 | D:5      | 0 ||| qw: Lair rune preference: random
     0 | D:5      | 0 ||| qw: Plans: Normal
     0 | D:5      | 0 ||| PLANNING D:1-11
    84 | D:5      | Reached XP level 2. HP: 14/19 MP: 2/2
   238 | D:5      | 238 ||| READING scroll labelled WIAVUD YMOITHEMN.
   239 | D:5      | 239 ||| DROPPING scroll of fog.
   240 | D:5      | 240 ||| DROPPING scroll of magic mapping.
   241 | D:5      | 241 ||| DROPPING scroll of fear.
   286 | D:4      | 286 ||| Stepping ~*~*~tactically~*~*~ (stealth).
   289 | D:4      | 289 ||| Stepping ~*~*~tactically~*~*~ (stealth).
   419 | D:4      | 419 ||| DROPPING +0 club.
   466 | D:4      | 466 ||| Stepping ~*~*~tactically~*~*~ (stealth).
   467 | D:4      | 467 ||| Stepping ~*~*~tactically~*~*~ (stealth).
   631 | D:4      | Reached skill level 3 in Axes
   631 | D:4      | Reached XP level 3. HP: 20/23 MP: 3/3
   647 | D:4      | 647 ||| Stepping ~*~*~tactically~*~*~ (stealth).
   655 | D:4      | HP: 3/23 [gnoll/+0 spear (3)]
   655 | D:4      | Slain by a gnoll

Levels and vault maps discovered:
D:4:      layout_basic, hellmonk_ghost_happy_afterlife, serial_shops,
          shop_statue, minmay_manual_monstrance
D:5:      layout_basic, minmay_quadrilaterals, uniq_prince_ribbit1

Skill      XL: |  1  2 |
---------------+-------+-----
Axes           | 2 3 |  3.4
Fighting       | |  3.2
Dodging        | |  1.5
Stealth        | |  5.4

Action                   || total
-------------------------++-------
Melee: Hand axe          ||    35
  Use: Scroll            ||     1
 Stab: Sleeping          ||     1
Armor: Leather armour    ||    12
Dodge: Dodged            ||    14

Table legend:
 A = Non-vault XP
 B = Vault XP
 C = Vault XP percentage of total XP
 D = Non-vault monster count
 E = Vault monster count
 F = Vault count percentage of total count
                 A         B        C        D         E       F
            +---------+---------+-------+---------+---------+-------
      Total |      59 |       0 |   0.0 |       8 |       0 |   0.0
            +---------+---------+-------+---------+---------+-------
        D:4 |      48 |       0 |   0.0 |       7 |       0 |   0.0
        D:5 |      11 |       0 |   0.0 |       1 |       0 |   0.0
            +---------+---------+-------+---------+---------+-------
